Map: King Sejong Station LE

Players

Seppe - Winner!

  • Race: Terran Terran

A.I. 1 (Elite)

  • Race: Terran Terran

VOD

Have the link to the VOD?

Description

Time

  • Played on: June 26, 2016, 12:07 p.m.
  • Length: 9:52
Show
View Real Time Build Order
Export as new Build Order

Seppe Terran - Winner!

Build Orders: MMM Bio 

Get SALT Encoding   

  12  0:01  SCV  
  13  0:13  SCV  
  14  0:17  Supply Depot  
  14  0:25  SCV  
  15  0:39  SCV  
  15  0:40  Barracks  
  16  0:51  SCV  
  17  1:03  SCV  
  18  1:15  SCV  
  19  1:19  Command Center  
  19  1:29  Orbital Command  
  19  1:31  Marine  
  20  1:39  Supply Depot  
  20  1:49  Marine  
  21  1:54  SCV  
  21  2:00  Barracks  
  22  2:04  Barracks  
  22  2:07  Marine  
  23  2:10  SCV  
  24  2:22  SCV  
  25  2:25  Marine  
  25  2:29  Refinery x2  
  26  2:35  SCV  
  27  2:47  Supply Depot  
  27  2:55  SCV  
  27  2:57  Marine x3  
  31  3:01  Orbital Command  
  31  3:09  Supply Depot  
  31  3:10  SCV  
  32  3:15  Barracks Tech Lab  
  32  3:16  Marine x2  
  34  3:23  SCV  
  36  3:27  SCV  
  36  3:35  Barracks Tech Lab  
  36  3:36  Barracks Reactor, Marine  
  36  3:37  Stimpack  
  36  3:41  SCV x2  
  39  3:50  Command Center  
  39  3:55  Marine x2  
  41  3:59  Combat Shields  
  41  4:02  SCV x2  
  43  4:12  Marine x2  
  43  4:13  Marine x2  
  43  4:15  SCV x2  
  49  4:23  Supply Depot  
  49  4:29  Factory, SCV x2  
  51  4:34  Marauder x2, Marine  
  51  4:35  Marine  
  57  4:41  SCV x2  
  59  4:47  Supply Depot  
  59  4:53  SCV  
  59  4:54  SCV  
  59  4:55  Marauder, Marine  
  59  4:56  Marauder, Marine  
  67  5:02  Orbital Command  
  67  5:08  SCV x2  
  67  5:13  Refinery  
  67  5:14  Refinery  
  69  5:15  Factory Reactor  
  69  5:16  Starport  
  69  5:20  Marauder x2  
  73  5:22  Concussive Shells  
  73  5:25  Marine x2  
  73  5:26  SCV  
  76  5:30  SCV  
  76  5:31  Orbital Command  
  77  5:41  Marauder, Supply Depot  
  77  5:42  Marauder, Marine  
  81  5:43  Marine  
  81  5:44  SCV  
  84  5:53  SCV  
  84  5:56  SCV  
  86  5:57  Supply Depot  
  86  6:03  Factory Reactor, Engineering Bay  
  86  6:04  Engineering Bay  
  86  6:07  SCV, Armory  
  86  6:08  SCV  
  86  6:10  SCV  
  89  6:13  Marauder x2  
  93  6:18  Supply Depot  
  93  6:19  Medivac x2  
  93  6:24  Supply Depot  
  97  6:28  SCV x2  
  97  6:29  SCV  
  100  6:38  Marauder x2  
  104  6:40  SCV x2  
  104  6:41  SCV  
  107  6:47  Terran Infantry Weapons Level 1  
  107  6:49  Medivac x2  
  107  6:52  Supply Depot  
  107  6:53  Terran Infantry Armor Level 1  
  111  6:57  Hellbat  
  111  6:58  Hellbat, Marine  
  111  6:59  Marine  
  111  7:00  Marine x2  
  119  7:12  Supply Depot  
  119  7:13  SCV x3  
  122  7:16  Marine x2  
  122  7:17  Refinery  
  122  7:18  Refinery, Marine x2  
  122  7:19  Hellbat, Medivac  
  122  7:20  Hellbat  
  132  7:25  SCV  
  132  7:26  Supply Depot  
  132  7:27  SCV x2, Medivac  
  137  7:34  Marine x2  
  137  7:35  Barracks  
  137  7:36  Marauder  
  137  7:37  Marauder  
  143  7:43  Supply Depot  
  143  7:45  Hellbat  
  143  7:46  Hellbat  
  143  7:49  Medivac  
  149  7:52  Marine x2  
  149  7:54  Terran Vehicle And Ship Armor Level 1, Supply Depot  
  149  7:57  Marauder, Medivac  
  149  7:58  Marauder  
  157  8:07  SCV x3  
  157  8:11  Supply Depot  
  160  8:15  Hellbat x2  
  160  8:18  Marine x2  
  160  8:19  Marauder x2, SCV, Medivac  
  173  8:33  SCV x2, Medivac  
  158  8:43  Marauder x2  
  158  8:44  Hellbat x2  
  158  8:46  Marine  
  158  8:47  Marine  
  163  8:49  Medivac  
  165  9:03  Medivac  
  165  9:04  Marauder x2, Marine x2  
  165  9:06  Hellbat x2  
  175  9:19  Medivac  
  175  9:22  Marine  
  175  9:23  Marine  
  177  9:25  Marauder  
  177  9:26  Marauder  
  181  9:35  Supply Depot  
  181  9:37  Supply Depot  
  181  9:49  Command Center  
Show
View Real Time Build Order
Export as new Build Order

A.I. 1 (Elite) Terran 

Build Orders: MMM Bio 

Get SALT Encoding   

  12  0:00  SCV  
  13  0:13  SCV  
  14  0:18  Supply Depot  
  14  0:25  SCV  
  15  0:29  Refinery  
  15  0:39  SCV  
  16  0:47  Barracks  
  16  0:51  SCV  
  17  1:03  SCV  
  18  1:15  SCV  
  19  1:34  Marine  
  19  1:35  Supply Depot  
  19  1:37  Factory, Orbital Command  
  20  1:49  Barracks  
  20  1:51  Marine  
  21  2:03  SCV  
  21  2:04  Refinery  
  22  2:09  Marine  
  22  2:15  SCV  
  24  2:21  Supply Depot, Factory Tech Lab  
  24  2:27  SCV, Marine  
  26  2:36  Marine  
  27  2:41  Siege Tank  
  30  2:45  SCV  
  30  2:48  Marine  
  32  2:54  Marine  
  33  2:59  SCV, Supply Depot  
  34  3:06  Marine  
  34  3:12  Marine  
  36  3:15  Siege Tank  
  39  3:20  SCV  
  39  3:24  Marine  
  41  3:29  Marine  
  41  3:30  Supply Depot  
  42  3:38  Starport  
  42  3:43  Barracks Tech Lab  
  42  3:48  Barracks Tech Lab  
  42  3:49  SCV  
  43  4:03  Stimpack  
  43  4:08  SCV  
  44  4:14  Supply Depot  
  44  4:15  Medivac  
  46  4:35  Combat Shields  
  46  4:40  Marauder, Marine  
  46  4:42  Barracks  
  46  4:45  Medivac  
  51  4:49  Command Center  
  51  4:58  Marauder  
  53  5:02  Marauder  
  55  5:09  Supply Depot  
  55  5:15  Engineering Bay  
  55  5:20  Marauder  
  57  5:25  Marauder  
  59  5:41  Terran Infantry Armor Level 1, Marauder  
  61  5:46  Marauder  
  63  5:54  Supply Depot  
  63  6:02  Barracks Reactor, Marauder, Engineering Bay  
  65  6:06  SCV  
  65  6:08  SCV  
  67  6:18  SCV  
  67  6:20  SCV  
  69  6:28  Terran Infantry Weapons Level 1  
  69  6:30  SCV  
  69  6:32  SCV  
  71  6:35  Refinery  
  71  6:42  Siege Tank, SCV, Concussive Shells, Marine  
  71  6:43  Marauder  
  71  6:44  SCV, Marine  
  80  6:55  SCV  
  80  7:00  Marauder  
  83  7:06  Command Center  
  83  7:09  SCV  
  83  7:14  SCV, Supply Depot  
  85  7:21  SCV  
  85  7:22  Siege Tank  
  89  7:26  SCV  
  90  7:33  SCV  
  91  7:39  SCV  
  91  7:41  Supply Depot  
  92  7:45  SCV  
  92  7:47  Missile Turret  
  92  7:51  SCV  
  93  7:55  Missile Turret  
  93  7:57  SCV  
  94  8:03  Starport Reactor, Barracks, Orbital Command  
  94  8:04  Marine  
  95  8:06  Marine  
  96  8:16  Supply Depot  
  96  8:17  SCV  
  96  8:18  SCV  
  98  8:22  Marauder  
  100  8:29  SCV  
  100  8:30  Armory  
  101  8:39  SCV  
  75  8:43  Marine  
  75  8:44  Marine  
  56  8:49  Marine  
  56  8:52  Marine  
  33  9:23  Supply Depot  
  15  9:42  Supply Depot  
Tags
 
Add a new tag
Caveats
  • Supply blocks, unpowered buildings, or Contaminate may cause inaccurate times.
  • Supply counts are checked every 10 seconds.